 Dungeon Crawl Stone Soup version 0.25.0-26-g0c896c7088 (webtiles) character file.

Game seed: 17496516917853011293

327141 Peloso the Tortoise (level 21, -28/166 HPs)
             Began as a Gnoll Fighter on July 2, 2020.
             Was the Champion of Okawaru.
             Killed from afar by a deep elf sorcerer (37 damage)
             ... with damnation
             ... on level 3 of the Elven Halls on July 3, 2020.
             The game lasted 02:38:24 (59308 turns).

Peloso the Tortoise (Gnoll Fighter)                Turns: 59308, Time: 02:38:25

Health: -28/166    AC: 39    Str: 37    XL:     21   Next: 66%
Magic:  47/47      EV: 15    Int:  4    God:    Okawaru [******]
Gold:   1363       SH: 29    Dex: 22    Spells: 46/46 levels left

rFire    . . .     SeeInvis .   a - +6 demon blade (venom)
rCold    + + .     Gourm    .   c - +0 tower shield
rNeg     + + .     Faith    .   V - +8 gold dragon scales "Ogutum" {rPois rF+ rC+ rN+ Stlth+}
rPois    +         Spirit   .   x - +3 helmet "Plog" {rPois MR+ Int-4}
rElec    .         Reflect  +   R - +2 cloak {rPois}
rCorr    .         Harm     .   t - +1 pair of gloves
MR       ++...                  (no boots)
Stlth    +.........             Q - amulet of reflection
HPRegen  0.37/turn              S - ring "Ikluzoac" {rPois rC+ Str+6 Dex+4 Stlth+}
MPRegen  0.30/turn              E - ring "Maph" {+Fly rF- rN+ MP+9 Str+5}

@: very slightly contaminated
A: distributed training, fangs 1, dopey 1, strong nose
}: 2/15 runes: serpentine, barnacled
a: Heroism, Finesse, Renounce Religion, Evoke Flight


You were on level 3 of the Elven Halls.
You worshipped Okawaru.
Okawaru was exalted by your worship.
You were hungry.

You visited 6 branches of the dungeon, and saw 34 of its levels.
You also visited: Sewer and Ice Cave.

You collected 3206 gold pieces.
You spent 1843 gold pieces at shops.

Inventory:

Hand Weapons
 a - a +6 demon blade of venom (weapon)
 b - a +2 scimitar of flaming
Armour
 c - a +0 tower shield (worn)
 t - a +1 pair of gloves (worn)
 x - the +3 helmet "Plog" (worn) {rPois MR+ Int-4}
   (Okawaru gifted it to you in an ice cave)

   It affects your intelligence (-4).
   It protects you from poison.
   It affects your resistance to hostile enchantments.
 R - a +2 cloak of poison resistance (worn)
 V - the +8 gold dragon scales "Ogutum" (worn) {rPois rF+ rC+ rN+ Stlth+}
   (Okawaru gifted it to you on level 4 of the Lair of Beasts)

   It protects you from fire.
   It protects you from cold.
   It protects you from poison.
   It protects you from negative energy.
   It makes you more stealthy.
Jewellery
 g - an uncursed ring of flight
 m - a +6 ring of dexterity
 o - an uncursed ring of resist corrosion
 q - an uncursed ring of protection from magic
 C - a +6 ring of intelligence
 E - the ring "Maph" (right hand) {+Fly rF- rN+ MP+9 Str+5}
   (You found it on level 2 of the Lair of Beasts)

   [ring of positive energy]

   It affects your strength (+5).
   It makes you vulnerable to fire.
   It protects you from negative energy.
   It affects your magic capacity (+9).
   It lets you fly.
 G - an uncursed ring of protection from magic
 I - a +6 ring of dexterity
 Q - an amulet of reflection (around neck)
 S - the ring "Ikluzoac" (left hand) {rPois rC+ Str+6 Dex+4 Stlth+}
   (You acquired it on level 2 of the Orcish Mines)

   [ring of strength]

   It affects your strength (+6).
   It affects your dexterity (+4).
   It protects you from cold.
   It protects you from poison.
   It makes you more stealthy.
Wands
 j - a wand of clouds (5)
Scrolls
 e - a scroll of enchant armour
 h - 9 scrolls of identify
 i - 19 scrolls of teleportation
 l - a scroll of fog
 n - a scroll of fear
 p - 13 scrolls of magic mapping
 s - 2 scrolls of summoning
 u - a scroll of acquirement
 v - 5 scrolls of noise
 y - 4 scrolls of enchant weapon
 B - 10 scrolls of remove curse
 D - a scroll of blinking
 H - a scroll of silence
Potions
 d - 9 potions of might
 k - a potion of heal wounds
 r - 4 potions of flight
 w - 5 potions of curing
 A - 2 potions of invisibility
 F - 3 potions of haste
 J - 2 potions of mutation
 K - a potion of brilliance
 L - 2 potions of stabbing
Comestibles
 f - 47 rations


   Skills:
 + Level 14.6 Fighting
 + Level 13.4 Short Blades
 + Level 14.0 Long Blades
 + Level 13.4 Axes
 + Level 13.4 Maces & Flails
 + Level 13.4 Polearms
 + Level 13.4 Staves
 + Level 13.4 Slings
 + Level 13.4 Bows
 + Level 13.4 Crossbows
 + Level 13.4 Throwing
 + Level 15.1 Armour
 + Level 13.4 Dodging
 + Level 13.4 Stealth
 + Level 14.6 Shields
 + Level 13.4 Unarmed Combat
 + Level 13.4 Spellcasting
 + Level 11.5 Conjurations
 + Level 11.5 Hexes
 + Level 11.5 Charms
 + Level 11.5 Summonings
 + Level 11.5 Necromancy
 + Level 11.5 Translocations
 + Level 11.5 Transmutations
 + Level 11.5 Fire Magic
 + Level 11.5 Ice Magic
 + Level 11.5 Air Magic
 + Level 11.5 Earth Magic
 + Level 11.5 Poison Magic
 + Level 14.4 Invocations
 + Level 13.4 Evocations


You had 46 spell levels left.
You didn't know any spells.
Your spell library contained the following spells:

 Spells                   Type           Power        Failure   Level  Hunger
 Animate Skeleton         Necr           N/A          4%          1    None
 Beastly Appendage        Tmut           ##....       4%          1    None
 Freeze                   Ice            ##..         4%          1    None
 Magic Dart               Conj           ##..         4%          1    None
 Pain                     Necr           ##..         4%          1    None
 Summon Butterflies       Summ           ##......     4%          1    None
 Summon Small Mammal      Summ           ##..         4%          1    None
 Blink                    Tloc           N/A          8%          2    ##.....
 Call Imp                 Summ           ##......     8%          2    ##.....
 Corpse Rot               Necr/Air       N/A          8%          2    ##.....
 Searing Ray              Conj           ##....       8%          2    ##.....
 Slow                     Hex            ##......     8%          2    ##.....
 Sticks to Snakes         Tmut           ##......     8%          2    ##.....
 Sublimation of Blood     Necr           ##........   8%          2    ##.....
 Confusing Touch          Hex            ##......     14%         3    ###....
 Conjure Flame            Conj/Fire      ##......     14%         3    ###....
 Dazzling Flash           Conj/Hex       ##....       14%         3    ###....
 Frozen Ramparts          Ice            ##....       14%         3    ###....
 Gell's Gravitas          Tloc           ##........   14%         3    ###....
 Mephitic Cloud           Conj/Pois/Air  ##......     14%         3    ###....
 Ozocubu's Armour         Chrm/Ice       ##......     14%         3    ###....
 Spider Form              Tmut/Pois      ##........   14%         3    ###....
 Static Discharge         Conj/Air       ##......     14%         3    ###....
 Vampiric Draining        Necr           ##........   14%         3    ###....
 Animate Dead             Necr           N/A          43%         4    ####...
 Dispel Undead            Necr           ##......     43%         4    ####...
 Fulminant Prism          Conj/Hex       ##........   43%         4    ####...
 Hailstorm                Conj/Ice       ##......     43%         4    ####...
 Ice Form                 Ice/Tmut       ##......     43%         4    ####...
 Iskenderun's Mystic Bla  Conj/Tloc      ##......     43%         4    ####...
 Petrify                  Tmut/Erth      ##......     43%         4    ####...
 Summon Ice Beast         Ice/Summ       ##......     43%         4    ####...
 Summon Lightning Spire   Summ/Air       ##......     43%         4    ####...
 Agony                    Necr           ##......     80%         5    ######.
 Blade Hands              Tmut           ##........   80%         5    ######.
 Excruciating Wounds      Chrm/Necr      ##........   80%         5    ######.
 Lightning Bolt           Conj/Air       ##........   80%         5    ######.
 Metabolic Englaciation   Hex/Ice        ##........   80%         5    ######.
 Silence                  Hex/Air        ##........   80%         5    ######.
 Yara's Violent Unravell  Hex/Tmut       ##........   80%         5    ######.
 Conjure Ball Lightning   Conj/Air       ##........   100%        6    #######
 Summon Hydra             Summ           ##........   100%        7    #######
 Ignition                 Fire           ##........   100%        8    #######
 Shatter                  Erth           ##........   100%        9    #######
 Tornado                  Air            ##........   100%        9    #######


Dungeon Overview and Level Annotations

Branches:
Dungeon (15/15)            Temple (0/1) D:4            Lair (6/6) D:11
 Shoals (4/4) Lair:4        Snake (4/4) Lair:2        Slime (0/5) Lair:5
    Orc (2/2) D:10            Elf (3/3) Orc:2        Vaults (0/5) D:13
 Depths (0/5) D:15          Sewer (visited)           IceCv (visited)

Altars:
Fedhas
Hepliaklqana
Makhleb
Okawaru
Qazlal
Ru
Trog
Vehumet
The Shining One
Beogh
Jiyva

Shops:
D:4 *   D:8 !   D:10 :   D:11 ?   D:14 (   D:15 %   Orc:2 *(?!   Elf:3 ?**!
Shoals:3 (   Shoals:4 =

Portals:
Hell: Lair:6

Annotations:
D:5 2 transporters
D:7 1 runed translucent door, deyja's ghost, novice TrMo
Orc:2 CASA
Elf:2 5 runed translucent doors


Innate Abilities, Weirdness & Mutations

Your experience applies equally to all skills.
You have very sharp teeth.
Your uncanny sense of smell can sniff out nearby items.
You are dopey. (Int -2)


Message History

You slice the deep elf sorcerer!!
You kill the deep elf sorcerer!
Okawaru accepts your kill.
The deep elf sorcerer casts a spell at you.
The sphere of damnation explodes!
The damnation engulfs you!!!
* * * LOW HITPOINT WARNING * * *
Unknown command.
Blink to where?
Press: ? - help, Dir - move target cursor You are very lightly contaminated with residual magic.
As you read the scroll of blinking, it crumbles to dust.
The deep elf sorcerer casts a spell at you.
The sphere of damnation explodes!
The damnation engulfs you!!
* * * LOW HITPOINT WARNING * * *
The deep elf high priest invokes the aid of its god against you.
Something smites you!
* * * LOW HITPOINT WARNING * * *
The deep elf sorcerer casts a spell at you.
The sphere of damnation explodes!
The damnation engulfs you!!!
You die...

* #.# #....))(.....# * #.#
#............# * #.#
#(....((.....# * #.#
#.[.....(.()(# #.#
#......[()...# #.#
#.......)...(# #######.##
#.......((...#
((.......#######(....(......#
#######(eee)ยง..'@...........#
##.#######............# #.#
#............# #.#
#.......(....# #.#
#..))........# #.#
#....).......#####
##.#######.[.)........'....
#........'.(..........#####
#.######.#.)..........#


You could see a deep elf sorcerer (fast, empowered) and a deep elf high priest
(brilliance aura).

Vanquished Creatures
  Saint Roka (Orc:2)
  Nikola (Shoals:2)
  Jorgrun (Orc:2)
  2 krakens
  2 deep elf master archers (Elf:3)
  Polyphemus (Shoals:3)
  Kirke (Shoals:2)
  Roxanne (Shoals:1)
  Ilsuiw (Shoals:2)
  16 nagarajas
  A frost giant (Shoals:4)
  Aizul (Shoals:1)
  2 deep elf sorcerers (Elf:3)
  Louise (D:14)
  3 orc warlords
  A stone giant (Orc:2)
  2 deep elf demonologists
  2 deep elf annihilators (Elf:3)
  Azrael (Orc:2)
  An ettin (D:10)
  Snorg (D:14)
  2 deep elf death magi (Elf:3)
  5 merfolk javelineers
  5 merfolk impalers
  A deep elf high priest (Elf:3)
  Fannar (Lair:3)
  Harold (D:10)
  15 naga warriors
  The ghost of Pamiuf the Slicer, a journeyman KoSu of Ru (Lair:2)
  7 hydras
  A catoblepas (Shoals:4)
  Erolcha (Orc:2)
  4 vault guards (D:13)
  5 merfolk avatars
  A death knight (D:14)
  11 anacondas
  3 merfolk aquamancers
  5 centaur warriors
  A satyr (Shoals:4)
  A queen ant (Lair:2)
  3 two-headed ogres
  9 death yaks
  13 dancing weapons
  8 shock serpents
  16 naga sharpshooters
  Sonja (Orc:1)
  10 deep elf knights
  A skeletal warrior (D:14)
  A small abomination (Elf:3)
  16 sea snakes
  5 salamander mystics
  A sixfirhy (Lair:6)
  An unseen horror (D:12)
  7 naga ritualists
  3 wizards
  A spectral hydra (Lair:2)
  Pikel (D:6)
  10 deep elf archers
  8 harpies
  A necromancer (D:15)
  4 orc knights
  8 mana vipers
  A lindwurm (Lair:3)
  A phantasmal warrior (D:14)
  4 oklob plants (Lair:6)
  44 deep elf magi
  6 orc sorcerers
  2 ugly things (D:13)
  4 cyclopes
  9 fauns
  5 salamanders
  12 manticores
  6 elephants
  A centaur zombie (D:14)
  8 water nymphs
  11 merfolk sirens
  A smoke demon (Lair:6)
  35 black mambas
  6 guardian serpents
  2 ice statues (IceCv)
  Joseph (D:8)
  13 naga magi
  2 gargoyles
  3 orange demons (Lair:6)
  Psyche (D:8)
  11 spiny frogs
  5 rime drakes (Lair:6)
  10 centaur skeletons
  A kobold demonologist (D:14)
  11 ice devils
  8 komodo dragons
  An efreet (D:14)
  2 freezing wraiths (D:14)
  30 merfolk
  3 meliai (D:15)
  3 trolls
  Grinder (D:6)
  A hornet (D:10)
  3 wind drakes
  9 hippogriffs
  24 blink frogs
  10 snapping turtles
  A dream sheep (shapeshifter) (Elf:2)
  24 dream sheep
  4 wyverns
  5 water elementals
  45 yaks
  Eustachio (D:6)
  2 air elementals
  A spectral komodo dragon (Lair:2)
  A hog (Shoals:2)
  A basilisk (Lair:4)
  7 humans (D:13)
  3 hungry ghosts
  8 vampire mosquitoes
  Edmund (D:5)
  6 fire elementals
  6 wargs
  3 acid dragons
  20 soldier ants
  12 water moccasins
  69 nagas
  Duvessa (D:6)
  4 porcupines
  5 hell hounds
  46 orc warriors
  Purgy (Sewer)
  13 ice beasts
  A hornet zombie (D:13)
  A sky beast (D:10)
  A black bear (Lair:3)
  10 ogres
  2 black mamba simulacra (Lair:2)
  3 phantoms
  15 centaurs
  A wolf (Lair:6)
  18 crocodiles
  24 bullfrogs
  A big kobold (D:11)
  3 earth elementals
  A wyvern zombie (D:12)
  3 troll zombies (D:10)
  Dowan (D:6)
  A hornet simulacrum (D:15)
  A scorpion (D:11)
  10 killer bees
  12 wights
  5 howler monkeys
  4 crimson imps
  A torpor snail simulacrum (Lair:2)
  6 bullfrog zombies
  A jelly (D:7)
  A bullfrog skeleton (D:5)
  31 orc wizards
  A gnoll shaman (D:7)
  19 orc priests
  4 hounds
  6 iguanas
  23 worker ants
  5 ogre zombies (D:10)
  A hound skeleton (D:5)
  7 gnolls (D:7)
  17 adders
  3 shadow imps
  8 white imps (IceCv)
  8 ufetubi (IceCv)
  3 adder skeletons
  3 worms
  2 dart slugs
  2 leopard geckos
  110 orcs
  8 bats
  4 giant cockroaches
  A goblin (D:2)
  11 hobgoblins
  7 jackals
  4 ball pythons
  5 frilled lizards
  2 goblin zombies (D:10)
  2 hobgoblin skeletons (D:10)
  A hobgoblin zombie (D:10)
  2 jackal skeletons
  20 kobolds
  A leopard gecko skeleton (D:8)
  A leopard gecko zombie (D:9)
  3 orc skeletons (D:10)
  17 orc zombies (D:10)
  8 rats
  3 plants
  8 tentacles
1331 creatures vanquished.

Vanquished Creatures (others)
  A nagaraja (Snake:4)
  A reaper (IceCv)
  Nessos (Orc:2)
  2 deep elf knights
  An unseen horror (D:14)
  2 deep elf magi
  3 naga magi
  A human (D:13)
  2 slaves (D:6)
  An orc warrior (Orc:2)
  An orc priest (D:6)
  An orc wizard (D:6)
  A white imp (IceCv)
  2 ufetubi (IceCv)
  An orc (D:6)
  17 fungi
  42 plants
  19 tentacles
99 creatures vanquished.

Grand Total: 1430 creatures vanquished

Notes
Turn   | Place    | Note
-------+----------+-------------------------------------------
     0 | D:1      | Peloso the Gnoll Fighter began the quest for the Orb.
     0 | D:1      | Reached XP level 1. HP: 23/23 MP: 1/1
   170 | D:1      | Reached XP level 2. HP: 22/29 MP: 2/2
   538 | D:1      | Reached XP level 3. HP: 35/35 MP: 3/3
   793 | D:2      | Found a stormy altar of Qazlal.
   794 | D:2      | Found an iron altar of Okawaru.
   794 | D:2      | Found a hazy altar of Hepliaklqana.
   805 | D:2      | Became a worshipper of Warmaster Okawaru
   909 | D:2      | Reached skill level 1 in Invocations
  1177 | D:2      | Reached skill level 1 in Short Blades
  1177 | D:2      | Reached skill level 1 in Axes
  1177 | D:2      | Reached skill level 1 in Maces & Flails
  1177 | D:2      | Reached skill level 1 in Polearms
  1177 | D:2      | Reached skill level 1 in Staves
  1177 | D:2      | Reached skill level 1 in Slings
  1177 | D:2      | Reached skill level 1 in Bows
  1177 | D:2      | Reached skill level 1 in Crossbows
  1177 | D:2      | Reached skill level 1 in Throwing
  1177 | D:2      | Reached skill level 1 in Dodging
  1177 | D:2      | Reached skill level 1 in Stealth
  1177 | D:2      | Reached skill level 1 in Unarmed Combat
  1177 | D:2      | Reached skill level 1 in Spellcasting
  1177 | D:2      | Reached skill level 1 in Evocations
  1329 | D:2      | Reached XP level 4. HP: 40/41 MP: 5/5
  2087 | D:3      | Reached skill level 1 in Conjurations
  2087 | D:3      | Reached skill level 1 in Hexes
  2087 | D:3      | Reached skill level 1 in Charms
  2087 | D:3      | Reached skill level 1 in Summonings
  2087 | D:3      | Reached skill level 1 in Necromancy
  2087 | D:3      | Reached skill level 1 in Translocations
  2087 | D:3      | Reached skill level 1 in Transmutations
  2087 | D:3      | Reached skill level 1 in Fire Magic
  2087 | D:3      | Reached skill level 1 in Ice Magic
  2087 | D:3      | Reached skill level 1 in Air Magic
  2087 | D:3      | Reached skill level 1 in Earth Magic
  2087 | D:3      | Reached skill level 1 in Poison Magic
  2396 | D:3      | Reached XP level 5. HP: 33/47 MP: 5/7
  3053 | D:4      | Noticed an ice beast
  3071 | D:4      | Killed an ice beast
  3071 | D:4      | Reached * piety under Okawaru
  3071 | D:4      | Reached XP level 6. HP: 34/53 MP: 8/8
  3204 | D:4      | Found a staircase to the Ecumenical Temple.
  3221 | D:4      | Reached skill level 5 in Long Blades
  3417 | D:4      | Found Byhu's General Store.
  3772 | D:5      | Entered Level 5 of the Dungeon
  3807 | D:5      | Reached XP level 7. HP: 19/59 MP: 7/10
  4046 | D:5      | Reached skill level 7 in Armour
  4205 | D:5      | Noticed Edmund
  4232 | D:5      | Killed Edmund
  4457 | D:5      | Found a transporter.
  4464 | D:5      | Reached ** piety under Okawaru
  4464 | D:5      | Reached XP level 8. HP: 67/67 MP: 12/12
  4485 | D:5      | Found a transporter.
  4747 | D:6      | Noticed Grinder
  4754 | D:6      | Paralysed by Grinder for 7 turns
  4777 | D:6      | Killed Grinder
  4860 | D:6      | Noticed Duvessa
  4860 | D:6      | Noticed Dowan
  4870 | D:6      | Killed Dowan
  4886 | D:6      | Killed Duvessa
  4915 | D:6      | Noticed Eustachio
  4937 | D:6      | Killed Eustachio
  5033 | D:6      | Found a glowing golden altar of the Shining One.
  5055 | D:6      | Noticed Pikel
  5099 | D:6      | Killed Pikel
  5099 | D:6      | Reached *** piety under Okawaru
  5099 | D:6      | Reached XP level 9. HP: 64/73 MP: 12/14
  5312 | D:6      | Found a glowing drain.
  5338 | Sewer    | Entered a sewer
  5483 | Sewer    | Noticed Purgy
  5490 | Sewer    | Killed Purgy
  5947 | D:7      | Found a runed translucent door.
  5948 | D:7      | Noticed deyja's ghost (novice TrMo)
  6149 | D:7      | Reached **** piety under Okawaru
  6149 | D:7      | Received a gift from Okawaru
  6279 | D:7      | Reached skill level 8 in Armour
  6370 | D:6      | Reached skill level 5 in Invocations
  6790 | D:7      | Found a sacrificial altar of Ru.
  6934 | D:7      | Got a pitted long sword
  6935 | D:7      | Identified the +1 long sword of Arrival {antimagic, Str+3}
                  | (You found it on level 7 of the Dungeon)
  7080 | D:7      | Reached XP level 10. HP: 59/80 MP: 5/17
  7419 | D:7      | Received a gift from Okawaru
  8039 | D:8      | Noticed Psyche
  8051 | D:8      | Killed Psyche
  8051 | D:8      | Reached skill level 5 in Short Blades
  8051 | D:8      | Reached skill level 5 in Axes
  8051 | D:8      | Reached skill level 5 in Maces & Flails
  8051 | D:8      | Reached skill level 5 in Polearms
  8051 | D:8      | Reached skill level 5 in Staves
  8051 | D:8      | Reached skill level 5 in Slings
  8051 | D:8      | Reached skill level 5 in Bows
  8051 | D:8      | Reached skill level 5 in Crossbows
  8051 | D:8      | Reached skill level 5 in Throwing
  8051 | D:8      | Reached skill level 5 in Dodging
  8051 | D:8      | Reached skill level 5 in Stealth
  8051 | D:8      | Reached skill level 5 in Unarmed Combat
  8051 | D:8      | Reached skill level 5 in Spellcasting
  8051 | D:8      | Reached skill level 5 in Evocations
  8458 | D:8      | Found Lealue's Distillery.
  8550 | D:8      | Noticed Joseph
  8573 | D:8      | Killed Joseph
  9535 | D:10     | Entered Level 10 of the Dungeon
  9541 | D:10     | Found a staircase to the Orcish Mines.
  9700 | D:10     | Found Hufec's Book Shoppe.
  9892 | D:10     | Received a gift from Okawaru
 10273 | D:10     | Reached ***** piety under Okawaru
 10282 | D:10     | Reached XP level 11. HP: 59/87 MP: 19/19
 11399 | D:11     | Received a gift from Okawaru
 11399 | D:11     | Reached skill level 9 in Armour
 11402 | D:11     | Got a pitted dagger {god gift}
 11474 | D:11     | Found Baenu's Magic Scroll Emporium.
 11486 | D:11     | Reached skill level 5 in Conjurations
 11486 | D:11     | Reached skill level 5 in Hexes
 11486 | D:11     | Reached skill level 5 in Charms
 11486 | D:11     | Reached skill level 5 in Summonings
 11486 | D:11     | Reached skill level 5 in Necromancy
 11486 | D:11     | Reached skill level 5 in Translocations
 11486 | D:11     | Reached skill level 5 in Transmutations
 11486 | D:11     | Reached skill level 5 in Fire Magic
 11486 | D:11     | Reached skill level 5 in Ice Magic
 11486 | D:11     | Reached skill level 5 in Air Magic
 11486 | D:11     | Reached skill level 5 in Earth Magic
 11486 | D:11     | Reached skill level 5 in Poison Magic
 11529 | D:11     | Bought a scroll of magic mapping for 56 gold pieces
 11580 | D:11     | Bought a scroll of blinking for 120 gold pieces
 11885 | D:11     | Found a staircase to the Lair.
 12091 | D:11     | Noticed a two-headed ogre
 12105 | D:11     | Killed a two-headed ogre
 12774 | D:12     | Noticed a two-headed ogre
 12788 | D:12     | Killed a two-headed ogre
 13003 | D:12     | Noticed a six-headed hydra
 13014 | D:12     | Killed a one-headed hydra
 13248 | D:12     | Reached XP level 12. HP: 56/96 MP: 22/22
 14342 | Lair:1   | Entered Level 1 of the Lair of Beasts
 14386 | Lair:1   | Reached ****** piety under Okawaru
 14386 | Lair:1   | Received a gift from Okawaru
 14830 | Lair:1   | Received a gift from Okawaru
 15406 | Lair:2   | Found a runed translucent gate.
 15406 | Lair:2   | Found a runed translucent gate.
 15406 | Lair:2   | Found a runed translucent gate.
 15597 | Lair:2   | Noticed Pamiuf's ghost (journeyman KoSu)
 15725 | Lair:2   | Received a gift from Okawaru
 16352 | Lair:2   | Noticed a queen ant
 16642 | Lair:2   | Killed a queen ant
 17282 | Lair:2   | Reached skill level 10 in Fighting
 17282 | Lair:2   | Reached skill level 10 in Armour
 17282 | Lair:2   | Reached skill level 10 in Shields
 18014 | Lair:2   | Found a staircase to the Snake Pit.
 18124 | Lair:2   | Reached XP level 13. HP: 82/103 MP: 24/24
 18165 | Lair:2   | Killed Pamiuf's ghost
 18536 | Lair:2   | Got a pitted bone ring
 18541 | Lair:2   | Identified the ring "Maph" {+Fly rF- rN+ MP+9 Str+5} (You
                  | found it on level 2 of the Lair of Beasts)
 19027 | Lair:3   | Noticed Fannar
 19073 | Lair:3   | Killed Fannar
 19757 | Lair:3   | Identified a scroll of acquirement
 20499 | Lair:4   | Received a gift from Okawaru
 20522 | Lair:4   | Got smoking gold dragon scales {god gift}
 20533 | Lair:4   | Identified the +8 gold dragon scales "Ogutum" {rPois rF+
                  | rC+ rN+ Stlth+} (Okawaru gifted it to you on level 4 of the
                  | Lair of Beasts)
 22149 | Lair:4   | Found a staircase to the Shoals.
 23314 | D:13     | Reached XP level 14. HP: 111/111 MP: 26/26
 23516 | D:13     | Received a gift from Okawaru
 23598 | D:13     | Reached skill level 10 in Long Blades
 23630 | D:13     | Found a gate to the Vaults.
 23979 | Lair:1   | Identified the +8 dagger "Dragonslayer" {freeze, rF+}
                  | (Okawaru gifted it to you on level 11 of the Dungeon)
 24062 | Orc:1    | Entered Level 1 of the Orcish Mines
 24156 | Orc:1    | Noticed Harold
 24205 | D:10     | Reached skill level 11 in Armour
 24424 | Orc:1    | Noticed an orc warlord
 24582 | D:10     | Killed Harold
 24698 | D:10     | Killed an orc warlord
 24698 | D:10     | Received a gift from Okawaru
 25204 | Orc:1    | Found a bloodstained altar of Trog.
 25207 | Orc:1    | Noticed an orc warlord
 25268 | Orc:1    | Killed an orc warlord
 25284 | Orc:1    | Noticed Sonja
 25319 | Orc:1    | Killed Sonja
 25319 | Orc:1    | Reached skill level 10 in Invocations
 25635 | Orc:2    | Entered Level 2 of the Orcish Mines
 25645 | Orc:2    | Noticed Azrael
 25662 | Orc:2    | Killed Azrael
 25662 | Orc:2    | Received a gift from Okawaru
 25741 | Orc:2    | Found a frozen archway.
 25817 | IceCv    | Entered an ice cave
 26120 | IceCv    | Killed a reaper
 26433 | IceCv    | Received a gift from Okawaru
 26436 | IceCv    | Got an encrusted helmet {god gift}
 26447 | IceCv    | Identified the +3 helmet "Plog" {rPois MR+ Int-4} (Okawaru
                  | gifted it to you in an ice cave)
 26597 | IceCv    | Found the +7 mace of Variability {chain chaos}
 27133 | Orc:2    | Found Qodar's Magic Scroll Emporium.
 27133 | Orc:2    | Found Nierph Diyfe's Weapon Boutique.
 27193 | Orc:2    | Found Xalatairph's Assorted Antiques.
 27195 | Orc:2    | Found Hiyreotho's Distillery.
 27200 | Orc:2    | Bought a potion of degeneration for 11 gold pieces
 27217 | Orc:2    | Bought a scroll of enchant armour for 120 gold pieces
 27219 | Orc:2    | Bought a potion of might for 44 gold pieces
 27222 | Orc:2    | Got the ring "Ikluzoac" {rPois rC+ Str+6 Dex+4 Stlth+}
 27266 | Orc:2    | Found a roughly hewn altar of Beogh.
 27301 | Orc:2    | Found a staircase to the Elven Halls.
 27365 | Orc:2    | Noticed a stone giant
 27375 | Orc:2    | Killed a stone giant
 27596 | Orc:2    | Noticed Jorgrun
 27607 | Orc:2    | Killed Jorgrun
 27607 | Orc:2    | Reached XP level 15. HP: 69/119 MP: 28/28
 27704 | Orc:2    | Noticed Erolcha
 27719 | Orc:2    | Killed Erolcha
 27843 | Orc:2    | Noticed Nessos
 27846 | Orc:2    | Noticed an orc warlord
 27850 | Orc:2    | Killed Nessos
 27929 | Orc:2    | Killed an orc warlord
 28380 | Orc:2    | Noticed Saint Roka
 28398 | Orc:2    | HP: 3/119 [Saint Roka/divine providence (12)]
 29173 | Orc:2    | Killed Saint Roka
 29475 | Orc:2    | Got a twisted arbalest {god gift}
 29476 | Orc:2    | Identified the +9 arbalest "Goutie" {venom, rElec rN+ MP+9
                  | SInv} (Okawaru gifted it to you on level 2 of the Orcish
                  | Mines)
 29892 | D:14     | Noticed Snorg
 29903 | D:14     | Killed Snorg
 29903 | D:14     | Received a gift from Okawaru
 29985 | D:14     | Gained mutation: You are dopey. (Int -2) [a neqoxec]
 30206 | D:14     | Reached skill level 10 in Short Blades
 30206 | D:14     | Reached skill level 10 in Axes
 30206 | D:14     | Reached skill level 10 in Maces & Flails
 30206 | D:14     | Reached skill level 10 in Polearms
 30206 | D:14     | Reached skill level 10 in Staves
 30206 | D:14     | Reached skill level 10 in Slings
 30206 | D:14     | Reached skill level 10 in Bows
 30206 | D:14     | Reached skill level 10 in Crossbows
 30206 | D:14     | Reached skill level 10 in Throwing
 30206 | D:14     | Reached skill level 10 in Dodging
 30206 | D:14     | Reached skill level 10 in Stealth
 30206 | D:14     | Reached skill level 10 in Unarmed Combat
 30206 | D:14     | Reached skill level 10 in Spellcasting
 30206 | D:14     | Reached skill level 10 in Evocations
 30583 | D:14     | Received a gift from Okawaru
 30689 | D:14     | Found Nibuos's Antique Weapon Shop.
 30986 | D:15     | Entered Level 15 of the Dungeon
 30986 | D:15     | Noticed Louise
 31010 | D:14     | Killed Louise
 31338 | D:15     | Found a blossoming altar of Fedhas.
 31347 | D:15     | Found Gijecrell's Food Emporium.
 31397 | D:15     | Reached skill level 12 in Armour
 31397 | D:15     | Reached XP level 16. HP: 127/127 MP: 30/30
 31398 | D:15     | Reached XP level 17. HP: 133/133 MP: 31/31
 31598 | D:15     | Found a staircase to the Depths.
 32597 | Lair:5   | Found a viscous altar of Jiyva.
 32598 | Lair:5   | Found a staircase to the Slime Pits.
 33032 | Lair:6   | Entered Level 6 of the Lair of Beasts
 33163 | Lair:5   | Reached XP level 18. HP: 95/140 MP: 32/32
 33722 | Lair:6   | Received a gift from Okawaru
 35098 | Lair:6   | Found a burning altar of Makhleb.
 35158 | Lair:6   | Found a gateway to Hell.
 35171 | Lair:6   | Got a masterwork quarterstaff
 36017 | Orc:2    | Lost intelligence.
 36301 | D:4      | Bought a scroll of brand weapon for 260 gold pieces
 36301 | D:4      | Bought a potion of might for 52 gold pieces
 36476 | D:11     | Bought a scroll of blinking for 120 gold pieces
 36598 | Shoals:1 | Entered Level 1 of the Shoals
 36778 | Shoals:1 | Noticed Aizul
 36827 | Shoals:1 | Killed Aizul
 37174 | Shoals:1 | Noticed Roxanne
 37213 | Shoals:1 | Killed Roxanne
 37906 | Shoals:1 | Received a gift from Okawaru
 38382 | Shoals:2 | Noticed Ilsuiw
 38467 | Shoals:2 | Killed Ilsuiw
 39136 | Shoals:2 | Noticed Nikola
 39158 | Shoals:2 | Killed Nikola
 39298 | Shoals:2 | Found a sacrificial altar of Ru.
 39850 | Shoals:2 | Noticed Kirke
 39861 | Shoals:2 | Killed Kirke
 40161 | Shoals:3 | Found Vanootte's Antique Weapon Emporium.
 40186 | Shoals:3 | Bought a slimy falchion for 168 gold pieces
 40186 | Shoals:3 | Identified the cursed +1 falchion "Heacead" {chaos, Dex+3}
                  | (You bought it in a shop on level 3 of the Shoals)
 40314 | Shoals:3 | Reached skill level 13 in Armour
 40971 | Shoals:3 | Reached XP level 19. HP: 122/149 MP: 34/34
 41625 | Shoals:4 | Entered Level 4 of the Shoals
 41674 | Shoals:4 | Reached skill level 10 in Conjurations
 41674 | Shoals:4 | Reached skill level 10 in Hexes
 41674 | Shoals:4 | Reached skill level 10 in Charms
 41674 | Shoals:4 | Reached skill level 10 in Summonings
 41674 | Shoals:4 | Reached skill level 10 in Necromancy
 41674 | Shoals:4 | Reached skill level 10 in Translocations
 41674 | Shoals:4 | Reached skill level 10 in Transmutations
 41674 | Shoals:4 | Reached skill level 10 in Fire Magic
 41674 | Shoals:4 | Reached skill level 10 in Ice Magic
 41674 | Shoals:4 | Reached skill level 10 in Air Magic
 41674 | Shoals:4 | Reached skill level 10 in Earth Magic
 41674 | Shoals:4 | Reached skill level 10 in Poison Magic
 42280 | Shoals:4 | Received a gift from Okawaru
 42705 | Shoals:4 | Received a gift from Okawaru
 43326 | Shoals:4 | Noticed Polyphemus
 43771 | Shoals:4 | HP: 5/149 [merfolk javelineer/javelin (9)]
 44254 | Shoals:3 | Killed Polyphemus
 45373 | Shoals:4 | Received a gift from Okawaru
 45413 | Shoals:4 | Got a barnacled rune of Zot
 45609 | Shoals:4 | Found Ihempued's Jewellery Shoppe.
 46369 | Snake:1  | Entered Level 1 of the Snake Pit
 46785 | Snake:1  | Found a transporter.
 46786 | Snake:1  | Found a radiant altar of Vehumet.
 46800 | Snake:1  | Identified the ring "Kesut" {Fire MR+ Int+2 Dex-4 Stlth+}
 47901 | Snake:1  | Found a transporter.
 48290 | Snake:2  | Received a gift from Okawaru
 48290 | Snake:2  | Reached XP level 20. HP: 138/157 MP: 36/36
 49424 | Snake:3  | Reached skill level 14 in Armour
 49855 | Snake:4  | Entered Level 4 of the Snake Pit
 51586 | Snake:4  | Received a gift from Okawaru
 51894 | Snake:4  | Received a gift from Okawaru
 52144 | Snake:4  | Received a gift from Okawaru
 52322 | Snake:4  | Got a serpentine rune of Zot
 53523 | Orc:2    | Bought a scroll of enchant weapon for 195 gold pieces
 54092 | Elf:1    | Entered Level 1 of the Elven Halls
 54107 | Elf:1    | Reached XP level 21. HP: 165/165 MP: 38/38
 55182 | Elf:1    | Identified Bubbinur's Incunabulum of Creation
 55951 | Elf:2    | Found a huge runed translucent gate.
 55951 | Elf:2    | Found a huge runed translucent gate.
 55951 | Elf:2    | Found a huge runed translucent gate.
 56206 | Elf:2    | Found a huge runed translucent gate.
 56206 | Elf:2    | Found a huge runed translucent gate.
 56256 | Elf:3    | Entered Level 3 of the Elven Halls
 56265 | Elf:3    | Found Gol Nae's Magic Scroll Shoppe.
 56280 | Elf:3    | Bought 2 scrolls of magic mapping for 105 gold pieces
 56280 | Elf:3    | Bought a scroll of magic mapping for 52 gold pieces
 56280 | Elf:3    | Bought a scroll of enchant weapon for 112 gold pieces
 56280 | Elf:3    | Bought a scroll of enchant weapon for 112 gold pieces
 56352 | Elf:3    | Reached skill level 15 in Armour
 56395 | Elf:3    | Found Duukhlis's General Store.
 56501 | Elf:3    | Bought a potion of heal wounds for 60 gold pieces
 56613 | Elf:3    | Received a gift from Okawaru
 56692 | Elf:3    | Found Ockah's Assorted Antiques.
 56705 | Elf:3    | Found Vumihaff's Distillery.
 56738 | Elf:3    | Bought 2 potions of mutation for 256 gold pieces
 57240 | Elf:3    | Received a gift from Okawaru
 58793 | Elf:3    | Received a gift from Okawaru
 59308 | Elf:3    | Killed from afar by a deep elf sorcerer

Illustrated notes

Levels and vault maps discovered:
D:1:      evilmike_arrival_crescent, layout_basic
D:2:      layout_basic, grunt_temple_overflow_open
D:3:      layout_basic, first_ration
D:4:      layout_loops_cross, minmay_temple_entry_sparse_star, serial_shops,
          kennysheep_mini_moat
D:5:      gammafunk_wand_slinger, layout_cave_pools, kennysheep_generic_room_4,
          uniq_edmund
D:6:      layout_gridville, kennysheep_little_box, gup_sewer_entry_glass,
          uniq_grinder, uniq_eustachio, uniq_pikel, uniq_duvessa
D:7:      minmay_slanted_spiral_squares, layout_gridville,
          gammafunk_ghost_grave, nicolae_ru_the_path_less_chosen
D:8:      layout_basic, serial_shops, kennysheep_mini, uniq_psyche, uniq_joseph
D:9:      lemuel_ice_spiral_2, layout_irregular_city
D:10:     layout_irregular_city, zombieorc2_lemuel, serial_shops, shop
D:11:     layout_irregular_city, david_lair_shrubbed, serial_shops, shop_statue
D:12:     layout_stronghold
D:13:     layout_loops_cross, ximxim_vaults_locker_room
D:14:     layout_rooms, serial_shops, shop, infiniplex_staircase_zigzag_5,
          grunt_ogre_cave, uniq_snorg
D:15:     grunt_enter_depths_magical_seal, layout_irregular_city, serial_shops,
          shop_fountains, skrybe_limestone_x, fedhas_altar_3, uniq_louise
Lair:1:   layout_misc_corridors, beast_lair_carwin_10
Lair:2:   layout_loops_ring, minmay_snake_entry_guardpost_medium,
          gammafunk_ghost_necromancy, minivault_29
Lair:3:   layout_long_grid, uniq_fannar
Lair:4:   layout_cellular_growth, minmay_shoals_entry_lonely_mermaid,
          grunt_megastairs_1
Lair:5:   layout_regular_city, slime_altar_1, nicolae_quartered_pool_medium,
          grunt_megastairs_4
Lair:6:   evil_forest, layout_regular_city, grunt_megastairs_5,
          minmay_lair_oklob_chamber
Shoals:1: layout_shoals, uniq_aizul, uniq_roxanne
Shoals:2: layout_shoals, wheals_shoals_ruined_temple, uniq_ilsuiw, uniq_kirke,
          uniq_nikola
Shoals:3: layout_shoals, serial_shops, nicolae_shop_trees
Shoals:4: shoals_end_grunt_ice, layout_shoals, serial_shops, shop,
          nicolae_shoals_kraken_intersection, uniq_polyphemus
Snake:1:  gammafunk_sealed_library, layout_misc_corridors
Snake:2:  nicolae_snake_nest, layout_cave_town
Snake:3:  layout_misc_corridors, drop_trap
Snake:4:  minmay_snake_end_coiled, layout_cave_town
Orc:1:    layout_caves, bloody_trog, uniq_sonja, uniq_harold
Orc:2:    st_orc_rangers, layout_diamond_mine, portal_ice_cave_entry_ice_beasts,
          mines2_david, uniq_erolcha, uniq_saint_roka, uniq_nessos, uniq_azrael,
          uniq_jorgrun
Elf:1:    minmay_elf_arrival_plus, layout_onion_city, minmay_elf_demonology
Elf:2:    layout_geoelf_diagonals
Elf:3:    minmay_elf_hall_dome, layout_gridlike, serial_shops,
          nicolae_shop_crystal, nicolae_shop_crystal, shop, shop

Skill      XL: |  1  2  3  4  5  6  7  8  9 10 11 12 13 14 15 16 17 18 19 20 21 |
---------------+----------------------------------------------------------------+-----
Invocations    | 1 2 3 4 5 6 7 8 9 10 11 12 13 14 | 14.4
Short Blades   | 1 2 3 4 5 6 7 8 9 10 11 12 13 | 13.4
Axes           | 1 2 3 4 5 6 7 8 9 10 11 12 13 | 13.4
Maces & Flails | 1 2 3 4 5 6 7 8 9 10 11 12 13 | 13.4
Polearms       | 1 2 3 4 5 6 7 8 9 10 11 12 13 | 13.4
Staves         | 1 2 3 4 5 6 7 8 9 10 11 12 13 | 13.4
Slings         | 1 2 3 4 5 6 7 8 9 10 11 12 13 | 13.4
Bows           | 1 2 3 4 5 6 7 8 9 10 11 12 13 | 13.4
Crossbows      | 1 2 3 4 5 6 7 8 9 10 11 12 13 | 13.4
Throwing       | 1 2 3 4 5 6 7 8 9 10 11 12 13 | 13.4
Dodging        | 1 2 3 4 5 6 7 8 9 10 11 12 13 | 13.4
Stealth        | 1 2 3 4 5 6 7 8 9 10 11 12 13 | 13.4
Unarmed Combat | 1 2 3 4 5 6 7 8 9 10 11 12 13 | 13.4
Spellcasting   | 1 2 3 4 5 6 7 8 9 10 11 12 13 | 13.4
Evocations     | 1 2 3 4 5 6 7 8 9 10 11 12 13 | 13.4
Conjurations   | 1 2 3 4 5 6 7 8 9 10 11 | 11.5
Hexes          | 1 2 3 4 5 6 7 8 9 10 11 | 11.5
Charms         | 1 2 3 4 5 6 7 8 9 10 11 | 11.5
Summonings     | 1 2 3 4 5 6 7 8 9 10 11 | 11.5
Necromancy     | 1 2 3 4 5 6 7 8 9 10 11 | 11.5
Translocations | 1 2 3 4 5 6 7 8 9 10 11 | 11.5
Transmutations | 1 2 3 4 5 6 7 8 9 10 11 | 11.5
Fire Magic     | 1 2 3 4 5 6 7 8 9 10 11 | 11.5
Ice Magic      | 1 2 3 4 5 6 7 8 9 10 11 | 11.5
Air Magic      | 1 2 3 4 5 6 7 8 9 10 11 | 11.5
Earth Magic    | 1 2 3 4 5 6 7 8 9 10 11 | 11.5
Poison Magic   | 1 2 3 4 5 6 7 8 9 10 11 | 11.5
Long Blades    | 5 6 7 8 9 10 11 12 13 14 | 14.0
Fighting       | 7 8 9 10 11 12 13 14 | 14.6
Armour         | 7 8 9 10 11 12 13 14 15 | 15.1
Shields        | 7 8 9 10 11 12 13 14 | 14.6

Action                   |  1- 3 |  4- 6 |  7- 9 | 10-12 | 13-15 | 16-18 | 19-21 || total
-------------------------+-------+-------+-------+-------+-------+-------+-------++-------
Melee: Long sword        |   112 |   159 |   428 |   107 |       |       |       ||   806
       Bite              |    14 |    25 |    69 |   254 |   385 |   236 |   436 ||  1419
       Falchion          |       |       |       |  1266 |  1323 |       |       ||  2589
       War axe           |       |       |       |     8 |     5 |       |       ||    13
       Demon blade       |       |       |       |       |   433 |   911 |  2042 ||  3386
       Scimitar          |       |       |       |       |       |    78 |       ||    78
Invok: Heroism           |       |     1 |     7 |    16 |    37 |    10 |     9 ||    80
Evoke: Wand              |       |       |       |       |     3 |       |     6 ||     9
  Use: Scroll            |       |     5 |     6 |     7 |    20 |     3 |     9 ||    50
       Potion            |       |       |     1 |     2 |     7 |     2 |     3 ||    15
 Stab: Fleeing           |       |       |       |       |     1 |       |       ||     1
  Eat: Chunk             |     1 |     5 |     8 |    33 |    24 |    25 |    36 ||   132
       Ration            |       |     1 |     1 |     2 |     6 |     2 |     7 ||    19
Armor: Scale mail        |    50 |       |       |       |       |       |       ||    50
       Plate armour      |    10 |    83 |   232 |   510 |    86 |       |       ||   921
       Gold dragon scale |       |       |       |       |   507 |   348 |   563 ||  1418
Dodge: Dodged            |    27 |    57 |   220 |   606 |   470 |   242 |   460 ||  2082
Block: Kite shield       |    61 |   114 |   363 |   880 |  1476 |       |       ||  2894
       Reflection        |       |       |       |       |   116 |    64 |   325 ||   505
       Tower shield      |       |       |       |       |    89 |  1236 |  2508 ||  3833
       Rpst.: Long sword |    10 |    14 |    86 |    36 |       |       |       ||   146
       Falchion          |       |       |       |   132 |   106 |       |       ||   238
       Demon blade       |       |       |       |       |    23 |    41 |    83 ||   147
       Scimitar          |       |       |       |       |       |     4 |       ||     4
